 Dungeon Crawl Stone Soup version 0.22.1-2-g9c5b331 (webtiles) character file.

1902 ubloh the Quickloader (level 8, -6/71 HPs)
             Began as a Minotaur Hunter on Dec 26, 2018.
             Killed by nerve-wracking pain
             ... invoked by an orc priest
              (14 damage)
             ... on level 6 of the Dungeon.
             The game lasted 00:20:49 (5348 turns).

ubloh the Quickloader (Minotaur Hunter)             Turns: 5348, Time: 00:20:49

Health: -6/71      AC: 11    Str: 19    XL:     8   Next: 94%
Magic:  7/7        EV: 10    Int:  8    God:
Gold:   491        SH:  0    Dex: 11    Spells: 7/7 levels left

rFire    . . .     SeeInvis .   a - +1 hand crossbow
rCold    . . .     Gourm    .   (no shield)
rNeg     . . .     Faith    .   c - +0 chain mail
rPois    +         Spirit   .   (helmet restricted)
rElec    .         Reflect  .   m - +0 cloak
rCorr    .         Harm     .   (no gloves)
MR       .....                  (no boots)
Stlth    ..........             (no amulet)
HPRegen  0.21/turn              t - ring of poison resistance
MPRegen  0.10/turn              (no ring)

@: no status effects
A: retaliatory headbutt, horns 2
a: no special abilities


You were on level 6 of the Dungeon.
You were not hungry.

You visited 1 branch of the dungeon, and saw 6 of its levels.
You also visited: Ossuary.

You collected 491 gold pieces.

Inventory:

Hand Weapons
 a - a +1 hand crossbow (weapon)
 b - a +0 short sword
Missiles
 d - 14 bolts (quivered)
 w - 2 throwing nets
Armour
 c - a +0 chain mail (worn)
 m - a +0 cloak (worn)
Jewellery
 t - a ring of poison resistance (left hand)
Wands
 r - a wand of iceblast (5)
 v - a wand of digging (8)
Scrolls
 g - 2 scrolls of fear
 h - 2 scrolls of fog
 i - a scroll of silence {unknown}
 j - a scroll of random uselessness {unknown}
 s - a scroll of noise {unknown}
 u - a scroll of immolation {unknown}
 y - a scroll of enchant weapon {unknown}
 B - 2 scrolls of remove curse
 D - a scroll of teleportation {unknown}
Potions
 e - 3 potions of might
 k - 2 potions of haste {unknown}
 l - 6 potions of curing
 n - a potion of lignification {unknown}
 o - a potion of resistance {unknown}
 p - a potion of invisibility {unknown}
 x - a potion of agility {unknown}
 z - 2 potions of degeneration {unknown}
 A - 2 potions of flight {unknown}
 C - a potion of magic {unknown}
 E - a potion of cancellation {unknown}
Comestibles
 f - 11 rations
 q - 4 chunks of flesh


   Skills:
 + Level 6.8 Fighting
 * Level 9.0 Crossbows
 + Level 6.2 Armour
 + Level 5.9 Dodging
 - Level 0.7 Stealth


You had 7 spell levels left.
You didn't know any spells.
Your spell library was empty.

Dungeon Overview and Level Annotations

Branches:
Dungeon (6/15)
 Temple: D:4-7

Altars:
Ashenzari
Gozag
Trog
The Shining One

Shops:
D:4 ((


Innate Abilities, Weirdness & Mutations

You reflexively headbutt those who attack you in melee.
You have a pair of horns on your head.


Message History

Press: ? - help, Shift-Dir - straight line, f/p - orc priest
Aim: an orc priest, wielding a hand axe (lightly wounded)
You shoot a bolt. The bolt hits the orc wizard!!
You kill the orc wizard!
Firing (i - inventory. (/) - cycle)
d - 16 bolts (quivered)
Press: ? - help, Shift-Dir - straight line, f/p - orc priest
Aim: an orc priest, wielding a hand axe (lightly wounded)
You shoot a bolt. The bolt closely misses the orc priest.
The orc priest invokes the aid of Beogh against you.
Beogh smites you!
* * * LOW HITPOINT WARNING * * *
Firing (i - inventory. (/) - cycle)
d - 15 bolts (quivered)
Press: ? - help, Shift-Dir - straight line, f/p - orc priest
Aim: an orc priest, wielding a hand axe (lightly wounded)
You shoot a bolt.
The bolt hits the orc priest but does no damage.
The orc priest is lightly wounded.
The orc priest mumbles some strange prayers to Beogh against you.
Pain shoots through your body!
You die...

## . . ##. #. #.#
##..#. #.# #..... #.#
...##.# #@#
....##.#####o##
............((#####..(
.#..........#...(((...
...........##.....$...
..........###....>....
#........## #...###...
..###....# #....# ..
.........##..#..# #


You could see an orc priest.

Vanquished Creatures
  Pikel (D:4)
  Sigmund (D:5)
  Edmund (D:5)
  A phantom (D:4)
  A sky beast (D:5)
  A slave (D:4)
  An ogre (D:5)
  An orc warrior (D:6)
  A howler monkey (D:4)
  2 hounds
  3 orc priests
  A bullfrog zombie (D:4)
  A bullfrog skeleton (D:6)
  7 orc wizards
  A centaur skeleton (D:4)
  Ijyb (D:5)
  2 worker ants (D:4)
  A hound skeleton (D:6)
  8 mummies (Ossuary)
  A howler monkey skeleton (D:5)
  5 adders
  An ooze (D:1)
  An adder zombie (D:5)
  3 adder skeletons (D:4)
  A dart slug (D:1)
  3 leopard geckos
  20 orcs
  A ball python (D:4)
  2 giant cockroaches
  9 goblins
  4 hobgoblins
  9 jackals
  4 kobolds (D:3)
  A quokka (D:4)
  A ball python zombie (D:5)
  6 bats
  6 frilled lizards
  A gnoll zombie (Ossuary)
  2 hobgoblin zombies (Ossuary)
  3 kobold zombies (Ossuary)
  2 orc zombies (Ossuary)
  A rat (D:1)
123 creatures vanquished.

Vanquished Creatures (others)
  A slave (D:4)
1 creature vanquished.

Grand Total: 124 creatures vanquished

Notes
Turn   | Place    | Note
-------+----------+-------------------------------------------
     0 | D:1      | ubloh the Minotaur Hunter began the quest for the Orb.
     0 | D:1      | Reached XP level 1. HP: 18/18 MP: 0/0
   241 | D:1      | Reached XP level 2. HP: 22/25 MP: 1/1
   278 | D:1      | Reached skill level 1 in Armour
   673 | D:1      | Reached XP level 3. HP: 31/31 MP: 2/2
  1907 | D:3      | Reached XP level 4. HP: 35/38 MP: 3/3
  2028 | D:3      | Reached skill level 5 in Crossbows
  2089 | D:3      | Found an opulent altar of Gozag.
  2360 | D:4      | Reached XP level 5. HP: 45/46 MP: 4/4
  2637 | D:4      | Reached XP level 6. HP: 50/53 MP: 5/5
  2675 | D:4      | Found Ducvaxy's Antique Weapon Shoppe.
  2688 | D:4      | Found Hoqofedi's Antique Weapon Emporium.
  2849 | D:4      | Reached skill level 6 in Crossbows
  2972 | D:4      | Noticed a slave
  2972 | D:4      | Noticed a slave
  3008 | D:4      | Killed a slave
  3051 | D:4      | Noticed Pikel
  3051 | D:4      | Noticed a slave
  3057 | D:4      | Noticed a slave
  3061 | D:4      | Killed Pikel
  3061 | D:4      | Reached skill level 5 in Fighting
  3061 | D:4      | Reached skill level 7 in Crossbows
  3061 | D:4      | Reached XP level 7. HP: 24/61 MP: 6/6
  3469 | D:5      | Entered Level 5 of the Dungeon
  3677 | D:5      | Reached skill level 5 in Armour
  3677 | D:5      | Reached XP level 8. HP: 58/70 MP: 7/7
  3731 | D:5      | Noticed Edmund
  3741 | D:5      | Killed Edmund
  3741 | D:5      | Reached skill level 5 in Dodging
  3747 | D:5      | Noticed Ijyb
  3749 | D:5      | Reached skill level 8 in Crossbows
  3755 | D:5      | Killed Ijyb
  3771 | D:5      | Found a shattered altar of Ashenzari.
  3996 | D:5      | Found a bloodstained altar of Trog.
  3997 | D:5      | Found a glowing golden altar of the Shining One.
  4020 | D:5      | Noticed Sigmund
  4029 | D:5      | Killed Sigmund
  4563 | D:6      | Found a sand-covered staircase.
  4620 | Ossuary  | Entered an ossuary
  5335 | D:6      | Reached skill level 9 in Crossbows
  5348 | D:6      | Killed from afar by an orc priest

Skill      XL: |  1  2  3  4  5  6  7  8 |
---------------+-------------------------+-----
Armour         | 1 2 3 4 5 6 |  6.2
Fighting       | 3 4 5 6 |  6.8
Crossbows      | 5 7 9 |  9.0
Dodging        | 3 4 5 |  5.9
Stealth        | |  0.7

Action                   |  1- 3 |  4- 6 |  7- 9 || total
-------------------------+-------+-------+-------++-------
Melee: Short sword       |    99 |    54 |    72 ||   225
       Headbutt          |    14 |     8 |    19 ||    41
 Fire: Hand crossbow     |    12 |    49 |   138 ||   199
  Use: Scroll            |       |       |     8 ||     8
  Eat: Chunk             |     3 |     4 |     4 ||    11
       Ration            |       |       |     1 ||     1
Armor: Leather armour    |    13 |       |       ||    13
       Chain mail        |    47 |    46 |    53 ||   146
Dodge: Dodged            |    53 |    34 |    64 ||   151
